Cogmind - Beta 16.1 @@@ ROGUE MODE // 2026.06.22 @ 22:43:38 Player: Lolterzard Result: Destroyed by D-53 Grenadier with Mini Grenade Launcher Performance ------------- Evolutions (0) 0 Regions Visited (2) 400 Robots Destroyed (13) 65 Value Destroyed (107) 107 Prototype IDs (0) 0 Alien Tech Used (0) 0 Bonus (0) 0 TOTAL SCORE: 572 Bonus ------- None Cogmind --------- Core Integrity 0/250 Matter 237/300 Energy 47/100 System Corruption 0% Temperature Cool (0) Movement Core (1400) Ox27 Location -10/Mines Parts ------- > --- POWER (1) -------- (None) > --- PROPULSION (2) --- (None) > --- UTILITY (2) ------ Huge Storage Unit Seismic Detector > --- WEAPON (2) ------- Small Laser > --- INVENTORY (25) --- Light Ion Engine Light Ion Engine Light Treads Light Treads Wheel Small Storage Unit Seismic Detector Transport Network Coupler Medium Laser Peak State ------------ > --- POWER ------------ Light Ion Engine > --- PROPULSION ------- Compact Wheel Compact Wheel > --- UTILITY ---------- Huge Storage Unit Seismic Detector > --- WEAPON ----------- Medium Laser Assault Rifle > --- INVENTORY -------- Light Ion Engine Light Ion Engine Light Treads Light Treads Wheel Small Storage Unit Seismic Detector Transport Network Coupler Small Laser Grenade Launcher [Rating: 8] Favorites ----------- Power Light Ion Engine Engine Light Ion Engine Propulsion Light Treads Treads Light Treads Wheel Compact Wheel Utility Seismic Detector Device Seismic Detector Storage Huge Storage Unit Weapon Assault Rifle Energy Gun Medium Laser Ballistic Gun Assault Rifle Launcher Grenade Launcher Build | -11 -10 -10 ------- Run | Yrd Mat Min Slots Evolved . | . . . Power . | . . . Propulsion . | . . . Utility . | . . . Weapon . | . . . Parts Attached 13 | 6 4 3 Power 1 | 1 . . Engine 1 | 1 . . Core . | . . . Reactor . | . . . Propulsion 4 | 2 2 . Treads 2 | 2 . . Leg . | . . . Wheel 2 | . 2 . Hover . | . . . Flight . | . . . Utility 3 | 1 2 . Device 1 | . 1 . Storage 2 | 1 1 . Processor . | . . . Hackware . | . . . Protection . | . . . Artifact . | . . . Weapon 5 | 2 . 3 Energy Gun 2 | 1 . 1 Energy Cannon . | . . . Ballistic Gun 1 | 1 . . Ballistic Cannon . | . . . Launcher 2 | . . 2 Special Weapon . | . . . Impact Weapon . | . . . Slashing Weapon . | . . . Piercing Weapon . | . . . Special Melee Weapon . | . . . Unidentified Prototypes . | . . . Parts Lost 6 | . . 6 Power 1 | . . 1 Propulsion 2 | . . 2 Utility . | . . . Weapon 3 | . . 3 Highest Loss Streak 6 | . . 6 To Critical Strikes . | . . . Average Backups 7 | 4 8 10 Power 1 | 1 2 2 Propulsion 2 | 2 3 3 Utility 1 | . 1 3 Weapon 1 | . 1 2 Tool/Special . | . . . Unused Backups 4 | . . 4 Power 2 | . . 2 Propulsion 1 | . . 1 Utility 1 | . . 1 Weapon . | . . . Tool/Special . | . . . Average Slot Usage (%) 97 | . 100 92 Engine 13 | . 14 12 Treads 8 | . 11 . Wheel 19 | . 16 24 Device 14 | . 14 14 Storage 14 | . 14 14 Energy Gun 13 | . 14 12 Ballistic Gun 13 | . 14 12 Peak Build Rating 8 | 6 8 8 Average Rating 6 | 5 7 7 On Entrance 4 | . 6 8 Avg Prop Armor Cover (%) 25 | 25 . . Naked Turns . | . . . Heaviest Build 88 | 12 88 88 Greatest Support 40 | 40 40 32 Greatest Overweight (x) 3 | 3 2 2 Average Overweight (x) 1 | . 1 2 Largest Inventory Capacity 25 | 8 25 25 Average Capacity 16 | 7 21 25 Most Carried 11 | 8 10 11 Average Carried 7 | 4 8 10 Final Capacity 25 | 8 25 25 Final Carried 10 | 8 10 9 Class Distribution -------------------- 100% | Mutant Dominant Class ---------------- Mutant | -10/Materials Mutant | -10/Mines Resources | -11 -10 -10 ----------- Run | Yrd Mat Min Matter Collected 380 | 293 49 38 Remotely . | . . . Salvage Created 330 | 168 91 71 Parts 27 | 14 5 8 Haulers Intercepted 1 | . 1 . Recyclers Shooed 1 | . . 1 Parts Field Recycled . | . . . Retrieved Matter . | . . . Parts Self-Destructed . | . . . Prevented . | . . . Parts Restored . | . . . Kills | -11 -10 -10 ------- Run | Yrd Mat Min Combat Hostiles Destroyed 4 | . 1 3 Guns 4 | . 1 3 Classes Destroyed 7 | 3 2 2 Worker 2 | 2 . . Builder 1 | . . 1 Tunneler 4 | 3 . 1 Hauler 1 | . 1 . Recycler 1 | 1 . . Swarmer 3 | . . 3 Grunt 1 | . 1 . Best Kill Streak 6 | 6 1 4 Combat Bots Only 3 | . 1 3 Max Kills in Single Turn 2 | 1 1 2 Gunslinging 1 | . . 1 Exploded . | . . . Melee . | . . . Uniques/NPCs Destroyed . | . . . Combat | -11 -10 -10 -------- Run | Yrd Mat Min Hostile Shots Fired 35 | . 8 27 Missed 7 | . 2 5 Hits 28 | . 6 22 Projectile 28 | . 6 22 AOE 17 | . . 17 Damage Taken 787 | . 64 723 Core 263 | . 10 253 Absorbed by Shields . | . . . Core Remaining (%) 100 | 100 . . Volleys Fired 34 | 11 10 13 Largest 2 | 2 2 2 Hottest 70 | 70 70 70 Shots Fired 68 | 22 20 26 Gun 64 | 22 20 22 Cannon . | . . . Launcher 4 | . . 4 Special . | . . . Kinetic 32 | 11 10 11 Thermal 32 | 11 10 11 Explosive 4 | . . 4 Electromagnetic . | . . . Robot Hit Streak 10 | 8 5 10 Robot Miss Streak 3 | 1 3 2 Penetration Max . | . . . Secondary Targets 1 | . . 1 Max Gunslinging Chain 1 | . . 1 Shots Hit Robots 45 | 15 10 20 Core Hits 22 | 7 4 11 Critical Kills . | . . . Critical Parts Destroyed . | . . . Critical Strikes 2 | 1 1 . Burn 2 | 1 1 . Melee Attacks . | . . . Impact . | . . . Slashing . | . . . Piercing . | . . . Sneak Attacks . | . . . Combat Hostiles . | . . . Follow-up Attacks . | . . . Damage Inflicted 629 | 184 140 305 Guns 521 | 184 140 197 Cannons . | . . . Explosions 102 | . . 102 Melee . | . . . Ramming 6 | . . 6 Kinetic 270 | 84 78 108 Thermal 251 | 100 62 89 Explosive 102 | . . 102 Electromagnetic . | . . . Impact . | . . . Slashing . | . . . Piercing . | . . . Highest Corruption . | . . . Average Corruption . | . . . Corruption Purged . | . . . Corruption Blocked . | . . . Overload Shots . | . . . Overflow Damage . | . . . Projectiles . | . . . Explosions . | . . . Melee . | . . . Knockbacks . | . . . Impact . | . . . Kinetic . | . . . Secondary . | . . . Self-Inflicted Damage 3 | . . 3 Shots . | . . . Rammed 1 | . . 1 Targets Rammed 1 | . . 1 Kicked . | . . . Crushed . | . . . Highest Temperature 84 | 27 84 54 Average Temperature 22 | 12 33 20 Received Heat Transfer 36 | . 36 . Siege Activations . | . . . Martial Activations . | . . . Shielding Activations . | . . . Robots Disrupted . | . . . Combat Hostiles . | . . . Robots Corrupted . | . . . Combat Hostiles . | . . . Parts Fried . | . . . Impact Corruptions . | . . . Robots Melted . | . . . Combat Hostiles . | . . . Parts Melted . | . . . Heat Transferred 888 | 370 259 259 Parts Sabotaged . | . . . Parts Stolen . | . . . Parts Stripped . | . . . Power Chain Reactions . | . . . Alert | -11 -10 -10 ------- Run | Yrd Mat Min Maximum Alert Level . | . . . Low Security (%) 100 | 100 100 100 Level 1 . | . . . Level 2 . | . . . Level 3 . | . . . Level 4 . | . . . Level 5 . | . . . High Security . | . . . Max Security . | . . . Peak Influence 95 | 10 30 95 Initial . | . . . Average 10 | 1 4 49 Influence Increases 198 | 30 37 131 Destroy 0b10 Robot/C 80 | . 20 60 Destroy 0b10 Robot/NC 45 | 30 5 10 Destroy Leader 22 | . 12 10 Destroy Structure 21 | . . 21 Lose Combat Pursuer 30 | . . 30 Influence Decreases 157 | 30 37 90 Time Decay 97 | 30 37 30 Lost Part 60 | . . 60 Squads Dispatched 1 | . 1 . Investigation . | . . . Extermination . | . . . Reinforcement 1 | . 1 . Assault . | . . . Garrison . | . . . Intercept . | . . . Searches Triggered . | . . . Construction Impeded . | . . . Haulers Reinforced . | . . . Active Scanning Responses . | . . . Cargo Convoy Interrupts . | . . . Stealth | -11 -10 -10 --------- Run | Yrd Mat Min Distress Signals 3 | . 1 2 Communications Jammed . | . . . Distress Signals . | . . . Times Spotted 8 | . 2 6 Peak Tracking Total 3 | . 1 3 Tactical Retreats 1 | . . 1 Traps | -11 -10 -10 ------- Run | Yrd Mat Min Traps Triggered . | . . . Indirectly . | . . . Trap Hack Attempts . | . . . Triggered . | . . . Disarmed . | . . . Reprogrammed . | . . . Reused . | . . . Traps Extracted . | . . . Installed . | . . . Triggered . | . . . Machines | -11 -10 -10 ---------- Run | Yrd Mat Min Machines Disabled . | . . . Max in Single Turn . | . . . Machines Repaired . | . . . Machines Dismantled . | . . . Machines Sabotaged . | . . . Overloaded Fab Kills . | . . . Hacking | -11 -10 -10 --------- Run | Yrd Mat Min Machines Accessed . | . . . Terminals . | . . . Fabricators . | . . . Repair Stations . | . . . Recycling Units . | . . . Scanalyzers . | . . . Garrison Access . | . . . Total Hacks . | . . . Successful . | . . . Failed . | . . . Catastrophic . | . . . Database Lockouts . | . . . Manual . | . . . Terminals . | . . . Fabricators . | . . . Repair Stations . | . . . Recycling Units . | . . . Scanalyzers . | . . . Garrison Access . | . . . Terminal Hacks . | . . . Fabricator Hacks . | . . . Repair Station Hacks . | . . . Recycling Unit Hacks . | . . . Scanalyzer . | . . . Garrison Access Hacks . | . . . Unauthorized Hacks . | . . . Terminals . | . . . Fabricators . | . . . Repair Stations . | . . . Recycling Units . | . . . Scanalyzers . | . . . Garrison Access . | . . . Data Cores Recovered . | . . . Used . | . . . Hacking Detections . | . . . Full Trace Events . | . . . Feedback Events . | . . . Feedback Blocked . | . . . Robot Schematics Acquired . | . . . Robots Built . | . . . Authchips . | . . . Time . | . . . Total Robot Build Rating . | . . . Part Schematics Acquired . | . . . Parts Built . | . . . Authchips . | . . . Time . | . . . Total Part Build Rating . | . . . Part Studies Acquired . | . . . Parts Repaired . | . . . Time . | . . . Parts Recycled . | . . . Recycled Matter . | . . . Retrieved Matter . | . . . Retrieved Components . | . . . Parts Scanalyzed . | . . . Part Schematics Acquired . | . . . Parts Damaged . | . . . Bothacking | -11 -10 -10 ------------ Run | Yrd Mat Min Used RIF Installer . | . . . Robots Hacked . | . . . Non-combat . | . . . Combat . | . . . Robot Hacks Applied . | . . . Relay Couplers Released . | . . . Fabnet Peak Effective % . | . . . Robots Rewired . | . . . Allies Hacked . | . . . Hacks Repelled . | . . . Allies | -11 -10 -10 -------- Run | Yrd Mat Min Total Allies . | . . . Largest Group . | . . . Highest-Rated Group . | . . . Highest-Rated Ally . | . . . Total Orders . | . . . Ally Attacks . | . . . Total Damage . | . . . Kills . | . . . Allies Corrupted . | . . . Allies Melted . | . . . Intel | -11 -10 -10 ------- Run | Yrd Mat Min Active Infowar (turns) 261 | . 186 75 Seismic 261 | . 186 75 Robot Analysis Total . | . . . Derelict Logs Recovered . | . . . Drone Launches . | . . . Drone Recoveries . | . . . Exploration | -11 -10 -10 ------------- Run | Yrd Mat Min Turns Passed 434 | 172 187 75 Spaces Moved 195 | 77 96 22 Core 29 | 29 . . Treads 80 | 48 32 . Legs . | . . . Wheels 86 | . 64 22 Hover . | . . . Flight . | . . . Fastest Speed 50 | 50 130 130 Average Speed 154 | 159 156 130 Slowest Speed 320 | 200 320 130 Overloaded Moves . | . . . Propulsion Burnouts . | . . . Robots Hopped . | . . . Potential Cave-ins . | . . . Cave-ins Triggered . | . . . Exploration Rate (%) 13 | 5 24 12 Regions Visited 2 Branch Regions 1 Pre-discovered Areas . | . . . Known Exits Taken . | . . . Unknown Exits Taken 2 | 1 1 . Scrap Searched 1 | . . 1 Spaces Dug . | . . . Terrain Destroyed 30 | . . 30 Melee . | . . . Projectile . | . . . AOE 30 | . . 30 Terrain Rammed . | . . . Walls Destroyed . | . . . Machines Disabled . | . . . Actions | -11 -10 -10 --------- Run | Yrd Mat Min Total 253 | 101 111 41 Wait . | . . . Move 193 | 76 95 22 Hop . | . . . Pick Up 11 | 8 2 1 Fast Attach 6 | 6 . . Attach 3 | . 1 2 Detach . | . . . Swap 5 | . 3 2 Drop . | . . . Fire 34 | 11 10 13 Melee . | . . . Ram 1 | . . 1 Kick . | . . . Crush . | . . . Escape Stasis . | . . . Rewire . | . . . Trap . | . . . Miscellaneous . | . . . Route ------- -11/Scrapyard -10/Materials -10/Mines History --------- Turn | Location | Event 8 | -11/Scrapyard | Discovered new exit (range 16) 173 | -11/Scrapyard | Entered Materials 174 | -10/Materials | Met a group of wandering Federalists 305 | -10/Materials | Build established: Mutant 325 | -10/Materials | Discovered new exit (range 7) 360 | -10/Materials | Entered Mines 362 | -10/Mines | Met a Derelict bent on vengeance 404 | -10/Mines | Assembled infested the area 409 | -10/Mines | Assisted by a Guerilla fighting off Assembled 431 | -10/Mines | Core integrity fell below 50% 435 | -10/Mines | Destroyed by D-53 Grenadier with Mini Grenade Launcher Last Messages --------------- 00398_ Acquired Grenade Launcher. 00404_ ALERT: Infestation in the mines, dispatching Demolisher response squad. 00405_ R-06 Scavenger collects Lgt. Assault Rifle. 00407_ R-06 Scavenger collects Flight Unit. 00409_ A derelict emerges from the shadows: "You need to get out of here! I've been tracking a group of Assembled to figure out where they're coming from, and they're closing on this area, come on!" 00419_ C-45 Heavy ARC bursts open, deploying its payload. 00419_ D-53 Grenadier unfolds itself. 00421_ Com. Wheel destroyed. 00421_ Lgt. Ion Engine destroyed. 00423_ Com. Wheel destroyed. 00423_ U-05 Engineer lays Concrete. 00424_ U-05 Engineer destroyed. 00426_ The unstable cave ceiling collapses. 00429_ Grenade Launcher destroyed. 00433_ The unstable cave ceiling collapses. 00433_ Assault Rifle destroyed. 00434_ The unstable cave ceiling collapses. Map ----- +----------------------------------------------------+ | ?????????????????????????????????????????????????? | | ?????????????????????????????????????????????????? | | ?????????????????????????????????????????????????? | | ?????????????????????????????????????????????????? | | ?????????????????????????????????????????????????? | | ?????????????????????????????????????????????????? | | ?????????????????????????????????????????????????? | | ?????????????????????????????????????????????????? | | ?????????????????????????????????????????????????? | | ?????????????????????????????????????????????????? | | ?????????????????????????????????????????????????? | | ?????????????????????????????????????????????????? | | ?????????????????????????????????????????????????? | | ????????????????????????????#????????????????????? | | ???????????????????????????# ????????????????????? | | ?????????????????###??????# ????????????????????? | | ???????????????### ?????? #????????????????????? | | ??????????????## ???## ?????????????????????? | | ??????????????# #?## ?????????????????????? | | ??????????????# ## ?????????????????????? | | ???????????????# ##????????????????????? | | ???????????????# ##?#?????????????????? | | ???????????????# # ######????????????? | | ????????????????# ##???????????? | | ?????????????????# #???????????? | | ??????????????????# @ d #???????????? | | ??????????????????## d % #???????????? | | ???????????????????## #???????????? | | ????????????????????## # #???????????? | | ?????????????????????## ##? #???????????? | | ??????????????????????###*###???? #??????????? | | ????????????????????????# #???????"" #??????????? | | ????????????????????????#%#????????? ?#??????????? | | ????????????????????????#!#??????????????????????? | | ????????????????????????#%#??????????????????????? | | ????????????????????????#=#??????????????????????? | | ????????????????????????# #??????????????????????? | | ????????????????????????# #??????????????????????? | | ??????????????????????### ###????????????????????? | | ?????????????????????## ##???????????????????? | | ?????????????????????# #???????????????????? | | ?????????????????????# #???????????????????? | | ?????????????????????## ##??????????????????? | | ??????????????????????# #??????????????????? | | ??????????????????????# #??????????????????? | | ??????????????????????## ##??????????????????? | | ???????????????????????#######???????????????????? | | ?????????????????????????????????????????????????? | | ?????????????????????????????????????????????????? | | | +----------------------------------------------------+ Best States ------------- Heat Dissipation 25 Energy Generation 10 Energy Capacity 125 Matter Stores 300 Matter Capacity 300 Sight Range 16 Terrain Scan Density 10 Evasion (%) 40 Recoil Reduction 2 Item Schematics ----------------- None Robot Schematics ------------------ None Fabricated ------------ Nothing Repaired ---------- Nothing Studied --------- None Alien Tech Used ----------------- None Achievements -------------- None Challenges ------------ None Game ------ Seed QuantumDeuteriumChaincannon Manual? 0 Play Time 00:03:40 Cumulative 45.7 hours Start 2026.06.22 @ 22:40:56 End 2026.06.22 @ 22:43:38 Sessions 1 Manual Loads 0 Difficulty Rogue Special Mode None Game No. 91 Rogue 91 Adventurer 0 Explorer 0 Win Type - Total 0 Types 0/0/0/0/0/0/0/0/0/0 Lore% 23 Gallery% 24 Achievement% 21 Wizard Run 0 Options --------- Layout 0 ASCII 0 Keyboard 0 Movement Mouse Keybinds 0 Fullscreen 2 Font 24/Smallcaps Map View 76x50 Zoom Use 0% Tactical HUD 1 Map Filters NONE Filters NONE Steam 1 RUN: f0ec7b19-fd2c-40b7-a8a2-e8ea41396cd7